 Dungeon Crawl Stone Soup version 0.26-b1-32-g5d43845318 (webtiles) character file.

Game seed: 14435506530294486695

548 dracos369 the Ruffian (level 7, -4/52 HPs)
             Began as a Demonspawn Artificer on Jan 7, 2021.
             Was a Believer of Uskayaw.
             Slain by a phantom (7 damage)
             ... on level 5 of the Dungeon.
             The game lasted 00:13:10 (4075 turns).

dracos369 the Ruffian (Demonspawn Artificer)        Turns: 4075, Time: 00:13:11

Health: -4/52      AC: 11    Str: 15      XL:     7   Next: 7%
Magic:  0/7        EV:  4    Int: 18      God:    Uskayaw [**....]
Gold:   248        SH:  0    Dex:  9 (13) Spells: 6/6 levels left

rFire    . . .     SeeInvis .     - Unarmed
rCold    . . .     Faith    .   (no shield)
rNeg     . . .     Spirit   +   o - +0 plate armour
rPois    .         Reflect  .   (helmet restricted)
rElec    .         Harm     .   (no cloak)
rCorr    .         Rampage  .   (no gloves)
Will     .....                  (no boots)
Stlth    ..........             h - amulet of guardian spirit
HPRegen  0.17/turn              s - +6 ring of intelligence
MPRegen  0.10/turn              (no ring)

@: mighty
A: claws 2, horns 1
a: Renounce Religion, Stomp, Line Pass


You were on level 5 of the Dungeon.
You worshipped Uskayaw.
Uskayaw was noncommittal.
You visited 2 branches of the dungeon, and saw 6 of its levels.

You collected 248 gold pieces.

Inventory:

Armour
 b - a +0 leather armour
 o - a +0 plate armour (worn)
Jewellery
 h - an amulet of guardian spirit (around neck)
 s - a +6 ring of intelligence (left claw)
Wands
 c - a wand of flame (12) (quivered)
 d - a wand of enslavement (12)
 e - a wand of random effects (14)
Scrolls
 a - 2 scrolls of teleportation {unknown}
 f - 4 scrolls of identify
 g - a scroll of immolation {unknown}
 i - a scroll of magic mapping {unknown}
 l - a scroll of fog {unknown}
 p - 2 scrolls of remove curse
 r - a scroll of blinking {unknown}
 v - a scroll of noise {unknown}
Potions
 j - 2 potions of degeneration {unknown}
 k - 2 potions of curing {unknown}
 m - a potion of haste
 n - 2 potions of might
 q - 2 potions of resistance
 t - a potion of mutation {unknown}
 u - a potion of invisibility {unknown}


   Skills:
 + Level 3.5 Fighting
 + Level 3.3 Armour
 - Level 1.7 Dodging
 - Level 0.8 Stealth
 * Level 4.1 Unarmed Combat
 + Level 0.1 Invocations
 - Level 4.0 Evocations


You had 6 spell levels left.
You didn't know any spells.
Your spell library was empty.

Dungeon Overview and Level Annotations

Branches:
Dungeon (5/15)             Temple (1/1) D:5

Altars:
Cheibriados
Elyvilon
Fedhas
Kikubaaqudgha
Makhleb
Nemelex Xobeh
Okawaru
Qazlal
Ru
Trog
Uskayaw
Vehumet
Xom
Yredelemnul

Shops:
D:4 (


Innate Abilities, Weirdness & Mutations

You have very sharp fingernails.
You have a pair of small horns on your head.


Message History

The quasit barely misses you. The quasit claws you. The phantom hits you.
Unknown command.
You closely miss the phantom. Your headbutt misses the phantom.
The phantom is almost destroyed.
The orc priest mumbles some strange prayers to Beogh against you.
Beogh smites you!
* * * LOW HITPOINT WARNING * * *
The quasit barely misses you. x2
The quasit claws you but does no damage.
The phantom hits you but does no damage.
Okay, then.
Evoke which item? (* to show all) (? for menu, Esc to quit)
Aiming: Enslavement
Press: ? - help, Shift-Dir - straight line, f - quasit
Aim: a quasit (lightly wounded, chance to affect: 67%)
The quasit is charmed.
The hound bites your quasit but does no damage.
The orc wizard hits your quasit but does no damage.
The phantom hits you!
You die...

### ######...
..........#......#
....>............##..
.....................
..........##†<.##
......ZoZc####..### .
......o.5Z# #.....##..
....?.oooh###........#
......ocoo5@W......###
.(......oo###.....##
..######### #.)...#
#.##### #.# #># ###


You could see a phantom, a centaur, a hound, 2 orc priests, 2 orc wizards, 6
orcs, an ufetubus, an adder zombie and a friendly quasit (charmed).

Vanquished Creatures
  2 ogres (D:4)
  A howler monkey (D:4)
  2 orc priests
  A centaur skeleton (D:5)
  2 orc wizards (D:4)
  A worker ant (D:4)
  5 adders
  3 oozes
  An adder skeleton (D:4)
  4 worms
  3 dart slugs
  3 leopard geckos (D:2)
  5 orcs
  3 bats (D:1)
  A giant cockroach (D:4)
  6 hobgoblins
  5 quokkas
  A ball python (D:1)
  6 frilled lizards
  10 goblins
  3 kobolds
  A quokka zombie (D:5)
  12 rats
81 creatures vanquished.

Vanquished Creatures (collateral kills)
  A water moccasin skeleton (D:4)
  6 orcs (D:4)
  A giant cockroach (D:4)
8 creatures vanquished.

Vanquished Creatures (others)
  A bat (D:2)
  A frilled lizard (D:2)
2 creatures vanquished.

Grand Total: 91 creatures vanquished

Notes
Turn   | Place    | Note
-------+----------+-------------------------------------------
     0 | D:1      | dracos369 the Demonspawn Artificer began the quest for the
                  | Orb.
     0 | D:1      | Reached XP level 1. HP: 15/15 MP: 1/1
    68 | D:1      | Reached skill level 1 in Dodging
   213 | D:1      | Gained mutation: You have sharp fingernails. [demonic
                  | ancestry]
   213 | D:1      | Reached XP level 2. HP: 18/21 MP: 2/2
   647 | D:2      | Reached skill level 1 in Unarmed Combat
   806 | D:2      | Found a radiant altar of Vehumet.
   856 | D:2      | Gained mutation: You have a pair of small horns on your
                  | head. [demonic ancestry]
   856 | D:2      | Reached XP level 3. HP: 27/27 MP: 3/3
  1601 | D:2      | Reached XP level 4. HP: 33/33 MP: 4/4
  1995 | D:3      | You fall into a shaft and drop 2 floors!
  1995 | D:5      | Entered Level 5 of the Dungeon
  1996 | D:5      | Noticed a centaur
  2950 | D:4      | Reached XP level 5. HP: 26/39 MP: 0/5
  3216 | D:4      | Noticed an ogre
  3265 | D:4      | Killed an ogre
  3266 | D:4      | Gained mutation: You have very sharp fingernails. [demonic
                  | ancestry]
  3266 | D:4      | Reached XP level 6. HP: 25/47 MP: 2/6
  3548 | D:4      | Found Waas's Antique Weapon Emporium.
  3865 | D:5      | Reached XP level 7. HP: 45/52 MP: 7/7
  3905 | D:5      | Found a staircase to the Ecumenical Temple.
  3921 | Temple   | Entered the Ecumenical Temple
  4019 | Temple   | Became a worshipper of Uskayaw the Reveller
  4058 | D:5      | Reached * piety under Uskayaw
  4072 | D:5      | Reached ** piety under Uskayaw
  4075 | D:5      | Slain by a phantom

Illustrated notes

Levels and vault maps discovered:
D:1:      grunt_arrival_lava_bath, layout_rooms, minmay_rat_gold_closets
D:2:      minmay_skewed_foursquare, layout_rooms, fiery_altar_vehumet
D:3:      layout_basic
D:4:      layout_cave_pools, serial_shops, nicolae_shop_trees
D:5:      layout_rooms, minitemple, minmay_temple_entry_proselytizer,
          amcnicky_mini_pool_small, uniq_crazy_yiuf_cottage
Temple:   nicolae_temple_god_jail

Skill      XL: |  1  2  3  4  5  6 |
---------------+-------------------+-----
Dodging        | 1 |  1.7
Unarmed Combat | 1 2 3 4 |  4.1
Fighting       | 2 3 |  3.5
Armour         | 2 3 |  3.3
Evocations     | 4 |  4.0
Stealth        | |  0.8
Invocations    | |  0.1

Action                   |  1- 3 |  4- 6 |  7- 9 || total
-------------------------+-------+-------+-------++-------
Melee: Hand axe          |    69 |       |       ||    69
       Unarmed           |    71 |   200 |    31 ||   302
       Headbutt          |     9 |    36 |     4 ||    49
       Punch             |     1 |       |       ||     1
Evoke: Wand              |       |     6 |     1 ||     7
  Use: Potion            |     2 |     3 |     1 ||     6
       Scroll            |       |       |     2 ||     2
 Stab: Sleeping          |     5 |       |       ||     5
Armor: Leather armour    |    22 |       |       ||    22
       Plate armour      |    42 |   134 |    84 ||   260
Dodge: Dodged            |    63 |    34 |    25 ||   122
